 Dungeon Crawl Stone Soup version 0.26.1-11-gd32895ea62 (webtiles) character file.

Game seed: 16814186125930884147

386 Zeld the Changer (level 6, -2/38 HPs)
             Began as an Octopode Transmuter on May 27, 2021.
             Slain by a centaur (10 damage)
             ... on level 6 of the Dungeon.
             The game lasted 00:02:21 (2112 turns).

Zeld the Changer (Octopode Transmuter)              Turns: 2112, Time: 00:02:22

Health: -2/38      AC:  1    Str: 12      XL:     6   Next: 78%
Magic:  12/12      EV: 14    Int: 15      God:
Gold:   8          SH:  0    Dex: 11 (12) Spells: 3/13 levels left

rFire    . . .     SeeInvis .     - Unarmed
rCold    . . .     Faith    .   (no shield)
rNeg     . . .     Spirit   .   (helmet restricted)
rPois    .         Reflect  .   (no amulet)
rElec    .         Harm     .   d - ring of flight
rCorr    .         Rampage  .   (no ring)
Will     .....                  (no ring)
Stlth    +++.......             (no ring)
HPRegen  0.12/turn              (no ring)
MPRegen  0.13/turn              (no ring)
                                (no ring)
                                (no ring)

@: no status effects
A: almost no armour, stealthy swim, amphibious, 8 rings, constrict 8, camouflage
1, gelatinous body 1
a: Evoke Flight


You were on level 6 of the Dungeon.
You visited 2 branches of the dungeon, and saw 7 of its levels.

You collected 64 gold pieces.
You spent 56 gold pieces at shops.

Inventory:

Jewellery
 d - a ring of flight (left tentacle)
Scrolls
 a - a scroll of remove curse {unknown}
 e - a scroll of teleportation {unknown}
 h - a scroll of noise {unknown}
 j - 2 scrolls of identify
Potions
 b - a potion of degeneration {unknown}
 c - a potion of curing {unknown}
 f - 2 potions of magic {unknown}
 g - 2 potions of berserk rage {unknown}
 i - a potion of lignification {unknown}


   Skills:
 + Level 1.6 Fighting
 + Level 2.9 Dodging
 + Level 2.7 Stealth
 - Level 3.0 Unarmed Combat
 * Level 4.1 Spellcasting
 * Level 4.4 Transmutations
 + Level 0.5 Poison Magic


You had 3 spell levels left.
You knew the following spells:

 Your Spells              Type           Power        Failure   Level
a - Beastly Appendage     Tmut           32%          3%          1
b - Wereblood             Tmut           16%          4%          2
c - Spider Form           Tmut/Pois      5%           19%         3
d - Ice Form              Ice/Tmut       9%           56%         4

Your spell library contained the following spells:

 Spells                   Type           Power        Failure   Level
 Blade Hands              Tmut           8%           63%         5


Dungeon Overview and Level Annotations

Branches:
Dungeon (7/15)             Temple (1/1) D:7

Altars:
Ashenzari
Cheibriados
Elyvilon
Hepliaklqana
Makhleb
Nemelex Xobeh
Qazlal
Ru
Uskayaw
Wu Jian
Xom
Yredelemnul
The Shining One

Shops:
D:7 ?


Innate Abilities, Weirdness & Mutations

You cannot wear most types of armour.
You are very stealthy in the water. (Stealth+)
You are amphibious.
You can wear up to eight rings at the same time.
You can use your tentacles to constrict eight enemies at once.
Your skin changes colour to match your surroundings (Stealth+).
Your rubbery body absorbs attacks. (AC +1, EV +1)


Message History

A mysterious force pulls you upwards. The hatch slams shut behind you.
The centaur shouts!
A quasit comes into view.
The quasit gives a chilling moan.
The quasit closely misses you. The quasit misses you.
The quasit barely misses you. The quasit closely misses you. x2
The quasit claws you but does no damage.
A bullfrog comes into view.
The bullfrog croaks.
Found 15 stones.
The quasit closely misses you. The quasit barely misses you.
The quasit closely misses you. The quasit misses you. The quasit claws you.
* * * LOW HITPOINT WARNING * * *
The quasit claws you.
* * * LOW HITPOINT WARNING * * *
You feel clumsy.
You see here 15 stones.
The centaur hits you!
You die...

#...#...#..###
#...........#
#.........#
###..#.#.##.#
#....#...##.#
#....#.####.#
#....F....#.c...c..
#...c#.#########.##
#..@.5.# ######.#
#.# #.# ###


You could see a bullfrog, a centaur and a quasit.

Vanquished Creatures
  An ogre (D:4)
  Blork the orc (D:4)
  A bullfrog (D:3)
  An orc wizard (D:4)
  2 orc priests
  A hound skeleton (D:4)
  A howler monkey skeleton (D:4)
  2 adders
  A shadow imp (D:7)
  An ooze (D:1)
  A leopard gecko (D:1)
  4 orcs (D:4)
  3 hobgoblins
  A bat (D:1)
  4 frilled lizards
  3 goblins
  2 rats (D:1)
30 creatures vanquished.

Notes
Turn   | Place    | Note
-------+----------+-------------------------------------------
     0 | D:1      | Zeld the Octopode Transmuter began the quest for the Orb.
     0 | D:1      | Reached XP level 1. HP: 13/13 MP: 3/3
   289 | D:1      | Reached XP level 2. HP: 13/18 MP: 3/5
   296 | D:1      | Learned a level 2 spell: Wereblood
   721 | D:3      | Noticed a bullfrog
   763 | D:3      | Killed a bullfrog
   764 | D:3      | Reached skill level 1 in Stealth
   764 | D:3      | Reached XP level 3. HP: 21/23 MP: 2/7
   764 | D:3      | Reached XP level 4. HP: 25/28 MP: 2/8
   768 | D:3      | Learned a level 3 spell: Spider Form
   948 | D:4      | Reached XP level 5. HP: 14/33 MP: 5/9
  1300 | D:4      | Noticed an ogre
  1315 | D:4      | Killed an ogre
  1316 | D:4      | Reached XP level 6. HP: 24/38 MP: 7/11
  1326 | D:4      | Learned a level 4 spell: Ice Form
  1623 | D:4      | Noticed Blork the orc
  1635 | D:4      | Killed Blork the orc
  1716 | D:4      | You fall into a shaft and drop 3 floors!
  1716 | D:7      | Found a staircase to the Ecumenical Temple.
  1716 | D:7      | Found Evileosm's Magic Scroll Shop.
  1723 | Temple   | Entered the Ecumenical Temple
  2015 | D:7      | Bought a scroll of identify for 28 gold pieces
  2015 | D:7      | Bought a scroll of identify for 28 gold pieces
  2112 | D:6      | Slain by a centaur

Illustrated notes

Levels and vault maps discovered:
D:1:      minmay_arrival_hallway, layout_loops_ring
D:2:      cheibrodos_helix_gallery, layout_basic, item_on_display_b
D:3:      layout_loops_corners
D:4:      layout_basic, gammafunk_ghost_cemetery, serial_shops, shop,
          uniq_robin, uniq_blork_the_orc, uniq_ijyb
D:6:      layout_basic, corexii_checkpoint_a, uniq_pikel
D:7:      layout_loops_ring, minmay_temple_entry_mist, serial_shops, shop,
          uniq_crazy_yiuf_cottage
Temple:   oiseaux_autumnal_temple

Skill      XL: |  1  2  3  4  5  6 |
---------------+-------------------+-----
Stealth        | 1 2 |  2.7
Transmutations | 3 4 |  4.4
Spellcasting   | 3 4 |  4.1
Fighting       | |  1.6
Dodging        | |  2.9
Unarmed Combat | |  3.0
Poison Magic   | |  0.5

Action                   |  1- 3 |  4- 6 || total
-------------------------+-------+-------++-------
Melee: Unarmed           |    33 |    57 ||    90
       Constrict         |     8 |     7 ||    15
       Tentacles         |     4 |     4 ||     8
       Kick              |     6 |     1 ||     7
 Cast: Beastly Appendage |     8 |     4 ||    12
       Wereblood         |     1 |       ||     1
       Spider Form       |       |     7 ||     7
 Stab: Sleeping          |     3 |     1 ||     4
Armor: Skin              |       |     2 ||     2
Dodge: Dodged            |    23 |    41 ||    64
